 Dungeon Crawl Stone Soup version 0.18-a0-1060-g4fac74f (webtiles) character file.

9 Duffy the Shield-Bearer (level 2, 19/19 HPs)
             Began as a Gargoyle Fighter on Jan 12, 2016.
             Was a Follower of Dithmenos.
             Quit the game on level 2 of the Dungeon.
             The game lasted 00:00:21 (125 turns).

Duffy the Shield-Bearer (Gargoyle Fighter)           Turns: 125, Time: 00:00:21

Health: 19/19      AC:  9    Str: 19    XL:     2   Next: 12%
Magic:  2/2        EV:  7    Int:  8    God:    Dithmenos [*.....]
Gold:   24         SH:  9    Dex:  9    Spells: 0 memorised, 1 level left

rFire  . . .     SeeInvis .     a - +0 war axe
rCold  . . .     Gourm    .     b - +0 scale mail
rNeg   + . .     Faith    .     c - +0 shield
rPois  ∞         Spirit   .     (no helmet)
rElec  +         Dismiss  .     (no cloak)
rCorr  .         Reflect  .     (no gloves)
SustAt .         Harm     .     (no boots)
MR     .....                    (no amulet)
Stlth  ..........               (no ring)
                                (no ring)

@: wreathed by umbra, not resistant to hostile enchantments, extremely
unstealthy
A: negative energy resistance 1, electricity resistance, unbreathing,
petrification resistance, rot immunity, AC +2
a: Renounce Religion


You were on level 2 of the Dungeon.
You worshipped Dithmenos.
Dithmenos was aware of your devotion.
You were not hungry.

You visited 1 branch of the dungeon, and saw 2 of its levels.

You collected 24 gold pieces.


Innate Abilities, Weirdness & Mutations

You are resistant to torment.
Your stone body is resilient (AC +2).
You are immune to poison.
You resist negative energy.
You are resistant to electric shocks.
You can survive without breathing.
You are immune to petrification.
You are immune to rotting.


   Skills:
 - Level 3.2 Fighting
 + Level 2.5 Axes
 - Level 3.2 Armour
 - Level 3.2 Shields


You had one spell level left.
You didn't know any spells.

Inventory:

Hand Weapons
 a - a +0 war axe (weapon)
Armour
 b - a +0 scale mail (worn)
 c - a +0 shield (worn)
Scrolls
 e - a scroll of identify {unknown}
Potions
 d - a potion of might
Comestibles
 f - a bread ration

Dungeon Overview and Level Annotations

Branches:
Dungeon (2/15)

Altars:
Dithmenos


Message History

You climb downwards. 2 rats and a hobgoblin come into view.
The hobgoblin shouts!
There is a stone staircase leading up here.
There are monsters nearby!
You hit the rat.
You kill the rat!
You have reached level 2!
The hobgoblin hits you but does no damage.
You barely miss the hobgoblin. You hit the rat but do no damage.
You block the rat's attack. You block the hobgoblin's attack.
You closely miss the hobgoblin. You hit the rat.
You kill the rat!
You block the hobgoblin's attack.
The hobgoblin hits you but does no damage.
You slash the hobgoblin!
You kill the hobgoblin!
No target in view!
No target in view!
No target in view!
No target in view!
No target in view!
No target in view!
No target in view!
No target in view!
No target in view!
Found 26 arrows.
Found a faded altar to an unknown god.
Found 9 poisoned needles.
There is a faded altar to an unknown god here.
This altar will convert you to a god.
You cannot discern which.
Do you pray? Dithmenos accepts your prayer! Dithmenos welcomes you!
You are shrouded in an aura of darkness!
Are you sure you want to abandon this character and quit the game? (Confirm with "yes".)

#.# #####..... ....
.......<.. # ..#
############. #. #.#
..........(..
#.###.###.. ..##......
#........####.##......
#...8......#.##......
#..8.8..##.#.##......
#.8.@.8..............
#..8.8..#..#.##.####.
#....8?..#..#.##... .
#........#..#.###### #
#(#...##....#.#
#...######..#.# ###.
#..#.# #. ####.# #.#


There were no monsters in sight!

Action                   || total
-------------------------++-------
Melee: War axe           ||    16

Notes
Turn   | Place    | Note
--------------------------------------------------------------
     0 | D:1      | Duffy the Gargoyle Fighter began the quest for the Orb.
     0 | D:1      | Reached XP level 1. HP: 14/14 MP: 1/1
    85 | D:1      | Reached skill level 2 in Axes
   101 | D:2      | Reached XP level 2. HP: 19/19 MP: 2/2
   117 | D:2      | Found a faded altar to an unknown god.
   125 | D:2      | Became a worshipper of Dithmenos the Shadowed
   125 | D:2      | Reached * piety under Dithmenos
   125 | D:2      | Quit the game

Vault maps used:
D:1:      sevenhm_arrival_forest_fort_large_2, minmay_misc_feat_hallway,
          st_stairs_3
D:2:      ecumenical_altar_2, minmay_statues_item

Vanquished Creatures
  2 bats
  2 goblins
  2 hobgoblins
  2 rats
8 creatures vanquished.
